Map: Lost and Found LE

Players

eonblu

  • Race: Zerg Zerg
  • Spawn Location: 1:00

ShoWTimE - Winner!

  • Race: Protoss Protoss
  • Spawn Location: 7:00

Event: WCS Montreal 2018

VOD

Have the link to the VOD?

Description

Time

  • Played on: Sept. 7, 2018, 12:25 p.m.
  • Length: 5:57

All games in this series

Show
View Real Time Build Order
Export as new Build Order

eonblu Zerg 

Build Orders: Pool First 

Get SALT Encoding   

  12  0:01  Drone  
  13  0:12  Overlord  
  13  0:17  Drone  
  14  0:30  Drone x2  
  14  0:35  Drone  
  17  0:39  Extractor  
  16  0:46  Drone  
  17  0:52  Spawning Pool  
  17  0:55  Drone  
  17  1:14  Drone  
  18  1:21  Hatchery  
  17  1:38  Zergling x4  
  17  1:39  Queen  
  19  1:46  Metabolic Boost  
  21  1:52  Drone  
  22  1:56  Overlord  
  22  2:15  Drone x2, Queen  
  24  2:22  Drone  
  27  2:40  Hatchery  
  27  2:44  Drone  
  27  2:46  Zergling x4  
  27  2:50  Drone  
  30  2:51  Drone  
  30  2:52  Drone  
  30  2:55  Drone  
  33  3:00  Drone  
  33  3:07  Drone  
  33  3:10  Drone  
  34  3:13  Drone  
  34  3:17  Overlord  
  35  3:20  Spore Crawler  
  35  3:21  Spore Crawler  
  35  3:22  Drone  
  35  3:24  Drone  
  35  3:28  Drone  
  35  3:31  Drone  
  35  3:35  Drone  
  35  3:39  Drone x2  
  38  3:42  Queen  
  40  3:51  Queen  
  40  3:53  Drone x2  
  44  3:56  Evolution Chamber  
  44  3:58  Drone x2  
  44  4:00  Drone  
  46  4:03  Drone  
  46  4:08  Drone  
  48  4:10  Drone  
  48  4:17  Overlord x2  
  49  4:18  Extractor  
  49  4:19  Extractor  
  47  4:31  Overlord  
  47  4:35  Spore Crawler  
  46  4:44  Lair  
  46  4:45  Drone x2  
  48  4:46  Drone x3  
  48  4:48  Drone x3  
  48  4:49  Drone  
  52  4:53  Spore Crawler  
  52  4:57  Drone x3  
  56  5:00  Drone  
  56  5:09  Roach Warren  
  56  5:10  Overlord  
  55  5:14  Drone x2  
  55  5:15  Drone  
  57  5:25  Overlord x2  
  57  5:34  Zergling x2  
  57  5:35  Zergling x18  
  66  5:39  Drone  
Show
View Real Time Build Order
Export as new Build Order

ShoWTimE Protoss - Winner!

Build Orders: 1 Gate Expand, Oracle Opening, Phoenix Opening 

Get SALT Encoding   

  12  0:00  Probe  
  13  0:12  Probe  
  14  0:18  Pylon  
  14  0:24  Probe  
  15  0:32  Probe  
  15  0:40  Probe  
  15  0:42  Gateway  
  16  0:46  Assimilator  
  17  0:51  Probe  
  18  1:03  Probe  
  19  1:15  Probe  
  20  1:24  Nexus  
  20  1:35  Cybernetics Core  
  20  1:38  Probe  
  21  1:44  Assimilator  
  21  1:50  Probe  
  21  1:52  Pylon  
  22  2:02  Adept, Probe  
  23  2:14  Probe  
  26  2:16  Stargate  
  26  2:22  Adept  
  26  2:23  Warp Gate  
  26  2:26  Probe  
  27  2:36  Probe  
  29  2:40  Shield Battery  
  29  2:42  Probe  
  30  2:48  Probe  
  31  2:55  Probe  
  31  2:57  Oracle  
  32  3:00  Probe  
  33  3:08  Probe  
  35  3:13  Probe  
  35  3:14  Adept, Shield Battery  
  38  3:20  Probe  
  38  3:24  Gateway  
  38  3:25  Probe  
  40  3:31  Shield Battery  
  40  3:32  Phoenix  
  40  3:40  Gateway  
  42  3:42  Probe  
  42  3:44  Probe  
  44  3:48  Pylon  
  44  3:54  Probe, Twilight Council  
  45  3:56  Probe  
  46  4:04  Resonating Glaives  
  46  4:06  Pylon, Probe  
  46  4:08  Probe  
  48  4:15  Pylon  
  48  4:18  Probe  
  48  4:20  Probe  
  48  4:21  Assimilator  
  48  4:23  Assimilator  
  50  4:28  Adept  
  50  4:30  Probe  
  53  4:32  Probe  
  53  4:35  Adept  
  53  4:36  Adept  
  53  4:37  Pylon  
  58  4:46  Robotics Facility  
  58  4:58  Probe x2  
  60  5:01  Adept x3  
  66  5:07  Pylon  
  66  5:16  Nexus  
  66  5:22  Adept x2  
  66  5:23  Adept  
  72  5:32  Pylon  
  76  5:43  Sentry x2  
  76  5:44  Sentry  
  76  5:45  Shield Battery  
  76  5:48  Pylon  
Tags
 
Add a new tag
Caveats
  • Supply blocks, unpowered buildings, or Contaminate may cause inaccurate times.
  • Supply counts are checked every 10 seconds.